SAA
TACOMA FUR TRADERS @ ATHLETIC CLUB KC ACADEMY
07/17/2029
 
TOP OF THE 1ST
Tacoma Fur Traders batting - Pitching for Athletic Club KC Academy : RHP Ramón Márquez
Pitching: RHP Ramón Márquez
Batting: LHB Ernesto Sánchez 0-0: Ball
1-0: Ground out 3-1 (Groundball, 34)
Batting: RHB Roberto Aguirre 0-0: Called Strike
0-1: Ball
1-1: Foul Ball, location: 2F
1-2: Strikes out swinging
Batting: RHB Trevor O'Herlihy 0-0: Called Strike
0-1: Ball
1-1: Ball
2-1: Ball
3-1: Called Strike
3-2: Foul Ball, location: 2F
3-2: SINGLE (Line Drive, 7S)
Batting: RHB Gustavo González 0-0: Called Strike
0-1: Ball
1-1: Foul Ball, location: 2F
1-2: Ball
2-2: Ball
3-2: Base on Balls
Trevor O'Herlihy to second
Batting: SHB Dave Gant 0-0: Called Strike
0-1: Foul Ball, location: 2F
0-2: Foul Ball, location: 2F
0-2: Ball
1-2: Ball
2-2: Ball
3-2: Fly out, F7 (Flyball, 78XD)
Top of the 1st over - 0 runs, 1 hit, 0 errors, 2 left on base; Tacoma 0 - Athletic Club KC Academy 0
BOTTOM OF THE 1ST
Athletic Club KC Academy batting - Pitching for Tacoma Fur Traders : RHP Dorian Roberts
Pitching: RHP Dorian Roberts
Batting: RHB Tae-kyun Chon 0-0: Called Strike
0-1: Foul Ball, location: 2F
0-2: Foul Ball, location: 2F
0-2: Foul Ball, location: 2F
0-2: Ball
1-2: Fly out, F8 (Flyball, 8LD)
Batting: RHB Colin Bottone 0-0: Called Strike
0-1: Ball
1-1: Fly out, F4 (Line Drive, 4M)
Batting: LHB Ramón Morterero 0-0: Called Strike
0-1: Ball
1-1: SINGLE (Groundball, 34D)
Batting: LHB Abdallah Rweikiza 0-0: Ground out 3-1 (Groundball, 34S)
Bottom of the 1st over - 0 runs, 1 hit, 0 errors, 1 left on base; Tacoma 0 - Athletic Club KC Academy 0
TOP OF THE 2ND
Tacoma Fur Traders batting - Pitching for Athletic Club KC Academy : RHP Ramón Márquez
Batting: RHB Chad Silander 0-0: Ball
1-0: Ball
2-0: Ball
3-0: Base on Balls
Batting: RHB David Tineo 0-0: Foul Ball, location: 2F
0-1: Fielders Choice at 2nd, 6-4 (Groundball, 6)
Batting: RHB Jonathan Barnett 0-0: Ball
1-0: Fly out, F6 (Popup, 6M)
Batting: RHB Luis Flores 0-0: Ball
1-0: Foul Ball, location: 2F
1-1: Swinging Strike
1-2: Ball
2-2: Foul Ball, location: 2F
2-2: Foul Ball, location: 2F
2-2: Foul Ball, location: 2F
2-2: Foul Ball, location: 2F
2-2: Foul Ball, location: 2F
2-2: Strikes out looking
Top of the 2nd over - 0 runs, 0 hits, 0 errors, 1 left on base; Tacoma 0 - Athletic Club KC Academy 0
BOTTOM OF THE 2ND
Athletic Club KC Academy batting - Pitching for Tacoma Fur Traders : RHP Dorian Roberts
Batting: LHB Kwang-chih Feng 0-0: Ball
1-0: Swinging Strike
1-1: DOUBLE (Groundball, 3L)
Batting: RHB Troy Whitehurst 0-0: Ground out 6-3 (Groundball, 6)
Batting: SHB Gerald Merendino 0-0: Called Strike
0-1: Swinging Strike
0-2: Ball
1-2: Foul Ball, location: 2F
1-2: Fly out, F5 (Popup, 5S)
Batting: RHB Fernando Rodríguez 0-0: Ball
1-0: Foul Ball, location: 2F
1-1: Ball
2-1: Foul Ball, location: 2F
2-2: Ground out 5-3 (Groundball, 5S)
Bottom of the 2nd over - 0 runs, 1 hit, 0 errors, 1 left on base; Tacoma 0 - Athletic Club KC Academy 0
TOP OF THE 3RD
Tacoma Fur Traders batting - Pitching for Athletic Club KC Academy : RHP Ramón Márquez
Batting: LHB Ernesto Sánchez 0-0: Ball
1-0: Called Strike
1-1: Ball
2-1: Ball
3-1: Base on Balls
Batting: RHB Roberto Aguirre 0-0: Called Strike
0-1: Ball
1-1: Swinging Strike
1-2: Foul Ball, location: 2F
1-2: Ball
2-2: Foul Ball, location: 2F
2-2: Fielders Choice at 2nd, 5-4 (Groundball, 5L)
Batting: RHB Trevor O'Herlihy 0-0: DOUBLE (Flyball, 8LXD)
Roberto Aguirre to third
Runner from 3rd tries for Home, SAFE, no throw
Batting: RHB Gustavo González 0-0: Ball
1-0: Called Strike
1-1: Foul Ball, location: 2F
1-2: Ball
2-2: Ground out 5-3 (Groundball, 5)
Batting: SHB Dave Gant 0-0: Called Strike
0-1: Foul Ball, location: 2F
0-2: Ball
1-2: DOUBLE (Line Drive, 7LS)
Trevor O'Herlihy scores
Batting: RHB Chad Silander 0-0: Foul Ball, location: 2F
0-1: Ball
1-1: Ball
Wild Pitch!
Dave Gant to third
2-1: SINGLE (Groundball, 6D)
Dave Gant scores
Batting: RHB David Tineo 0-0: Called Strike
0-1: Fly out, F8 (Flyball, 8LM)
Top of the 3rd over - 3 runs, 3 hits, 0 errors, 1 left on base; Tacoma 3 - Athletic Club KC Academy 0
BOTTOM OF THE 3RD
Athletic Club KC Academy batting - Pitching for Tacoma Fur Traders : RHP Dorian Roberts
Batting: RHB Dewey Nauss 0-0: Ball
1-0: Swinging Strike
1-1: Ball
2-1: Ball
3-1: Fly out, F6 (Line Drive, 6)
Batting: RHB Tae-kyun Chon 0-0: Called Strike
0-1: Fly out, F7 (Flyball, 7LM)
Batting: RHB Colin Bottone 0-0: Foul Ball, location: 2F
0-1: Foul Ball, location: 2F
0-2: Strikes out swinging
Bottom of the 3rd over - 0 runs, 0 hits, 0 errors, 0 left on base; Tacoma 3 - Athletic Club KC Academy 0
TOP OF THE 4TH
Tacoma Fur Traders batting - Pitching for Athletic Club KC Academy : RHP Ramón Márquez
Batting: RHB Jonathan Barnett 0-0: Ball
1-0: Called Strike
1-1: Foul Ball, location: 2F
1-2: SINGLE (Groundball, 34D)
Batting: RHB Luis Flores 0-0: Ball
1-0: Ball
2-0: Fly out, F8 (Flyball, 8RS)
Batting: LHB Ernesto Sánchez 0-0: Ball
1-0: Called Strike
Throwing error on steal attempt, E2
Jonathan Barnett to third
1-1: Ball
2-1: Foul Ball, location: 2F
2-2: SINGLE (Groundball, 4MD)
Jonathan Barnett scores
Batting: RHB Roberto Aguirre 0-0: Ball
1-0: Called Strike
1-1: Ball
2-1: SINGLE (Groundball, 6MD)
Ernesto Sánchez to second
Pitching: RHP Hubert Shaikh
Batting: RHB Trevor O'Herlihy 0-0: Foul Ball, location: 2F
0-1: Ball
1-1: 3-RUN HOME RUN (Flyball, 7LD), Distance : 350 ft
Batting: RHB Gustavo González 0-0: Swinging Strike
0-1: SINGLE (Groundball, 6MD)
Batting: SHB Dave Gant 0-0: Ball
1-0: SINGLE (Flyball, 6MD)
Gustavo González to second
Runner from 2nd tries for 3rd, SAFE, no throw
Batting: RHB Chad Silander 0-0: Foul Ball, location: 2F
0-1: SINGLE (Groundball, 6MD)
Gustavo González scores
Dave Gant to second
Batting: RHB David Tineo 0-0: Fielders Choice at 2nd, 5-4 (Groundball, 56)
Dave Gant to third
Batting: RHB Jonathan Barnett 0-0: Called Strike
0-1: Ball
1-1: Foul Ball, location: 2F
1-2: Reached via error on a dropped throw, E1
Dave Gant scores
David Tineo to second
Batting: RHB Luis Flores 0-0: Called Strike
0-1: Called Strike
0-2: Ball
1-2: Ball
2-2: Ball
3-2: Ground out 5-3 (Groundball, 56)
Top of the 4th over - 6 runs, 7 hits, 2 errors, 2 left on base; Tacoma 9 - Athletic Club KC Academy 0
BOTTOM OF THE 4TH
Athletic Club KC Academy batting - Pitching for Tacoma Fur Traders : RHP Dorian Roberts
Batting: LHB Ramón Morterero 0-0: Foul Ball, location: 2F
0-1: Ball
1-1: Called Strike
1-2: Fly out, F8 (Line Drive, 8RS)
Batting: LHB Abdallah Rweikiza 0-0: Fly out, F8 (Flyball, 8RD)
Batting: LHB Kwang-chih Feng 0-0: Foul Ball, location: 2F
0-1: Fly out, F6 (Popup, 6)
Bottom of the 4th over - 0 runs, 0 hits, 0 errors, 0 left on base; Tacoma 9 - Athletic Club KC Academy 0
TOP OF THE 5TH
Tacoma Fur Traders batting - Pitching for Athletic Club KC Academy : RHP Hubert Shaikh
Batting: LHB Ernesto Sánchez 0-0: Ball
1-0: Ball
2-0: Called Strike
2-1: Called Strike
2-2: Ball
3-2: Base on Balls
Batting: RHB Roberto Aguirre 0-0: Called Strike
0-1: Foul Ball, location: 2F
0-2: Ball
1-2: SINGLE (Groundball, 56D)
Ernesto Sánchez to second
Batting: RHB Trevor O'Herlihy 0-0: Called Strike
0-1: Called Strike
0-2: Ball
1-2: SINGLE (Flyball, 9S)
Ernesto Sánchez to third
Roberto Aguirre to second
Runner from 3rd tries for Home, SAFE, no throw
Batting: RHB Gustavo González 0-0: Called Strike
0-1: Ball
1-1: Foul Ball, location: 2F
1-2: SINGLE (Flyball, 89S)
Roberto Aguirre to third
Trevor O'Herlihy to second
Runner from 3rd tries for Home, SAFE, no throw
Batting: SHB Dave Gant 0-0: Foul Ball, location: 2F
0-1: Swinging Strike
0-2: Fly out, F7 (Flyball, 7LM)
Batting: RHB Chad Silander 0-0: Ball
1-0: 3-RUN HOME RUN (Flyball, 89XD), Distance : 400 ft
Batting: RHB David Tineo 0-0: Swinging Strike
0-1: Swinging Strike
0-2: Ball
1-2: Foul Ball, location: 2F
1-2: Ball
2-2: Strikes out swinging
Batting: RHB Jonathan Barnett 0-0: Called Strike
0-1: SINGLE (Line Drive, 34D)
Batting: RHB Luis Flores 0-0: Ball
1-0: Called Strike
1-1: Reached on error, E1 (Groundball, 13)
Jonathan Barnett to second
Batting: LHB Ernesto Sánchez 0-0: Ball
1-0: Ball
2-0: SINGLE (Flyball, 78M)
Jonathan Barnett to third
Luis Flores to second
Runner from 3rd tries for Home, throw and OUT!
Top of the 5th over - 5 runs, 6 hits, 1 error, 2 left on base; Tacoma 14 - Athletic Club KC Academy 0
BOTTOM OF THE 5TH
Athletic Club KC Academy batting - Pitching for Tacoma Fur Traders : RHP Dorian Roberts
Batting: RHB Troy Whitehurst 0-0: Ball
1-0: SINGLE (Flyball, 8LS)
Batting: SHB Gerald Merendino 0-0: SINGLE (Flyball, 8RS)
Troy Whitehurst to second
Batting: RHB Fernando Rodríguez 0-0: Called Strike
0-1: Called Strike
0-2: Foul Ball, location: 2F
0-2: SINGLE (Flyball, 89S)
Troy Whitehurst to third
Gerald Merendino to second
Batting: RHB Dewey Nauss 0-0: Ball
1-0: Swinging Strike
1-1: Ball
2-1: Fly out, F5 (Popup, 56)
Batting: RHB Tae-kyun Chon 0-0: Fly out, F9 (Flyball, 9)
Runner from 3rd tags up, OUT at HOME
Bottom of the 5th over - 0 runs, 3 hits, 0 errors, 2 left on base; Tacoma 14 - Athletic Club KC Academy 0
TOP OF THE 6TH
Tacoma Fur Traders batting - Pitching for Athletic Club KC Academy : RHP Hubert Shaikh
Batting: RHB Roberto Aguirre 0-0: Swinging Strike
0-1: Ball
1-1: Ball
2-1: Ball
3-1: Called Strike
3-2: Base on Balls
Pitching: LHP Andrew Sprowle
Batting: RHB Trevor O'Herlihy 0-0: Ball
1-0: Ball
2-0: Ball
3-0: Base on Balls
Roberto Aguirre to second
Batting: RHB Gustavo González 0-0: Ball
1-0: Ball
2-0: Swinging Strike
2-1: Foul Ball, location: 2F
2-2: Strikes out swinging
Batting: SHB Dave Gant 0-0: Ball
1-0: Ball
2-0: Called Strike
2-1: Grounds into double play, 5-4-3 (Groundball, 56)
Top of the 6th over - 0 runs, 0 hits, 0 errors, 1 left on base; Tacoma 14 - Athletic Club KC Academy 0
BOTTOM OF THE 6TH
Athletic Club KC Academy batting - Pitching for Tacoma Fur Traders : RHP Dorian Roberts
Batting: RHB Colin Bottone 0-0: Called Strike
0-1: Foul Ball, location: 2F
0-2: Foul Ball, location: 2F
0-2: Strikes out looking
Batting: LHB Ramón Morterero 0-0: Foul Ball, location: 2F
0-1: Foul Ball, location: 2F
0-2: Foul Ball, location: 2F
0-2: Ball
1-2: DOUBLE (Popup, 4MD)
Batting: LHB Abdallah Rweikiza 0-0: Called Strike
0-1: Foul Ball, location: 2F
0-2: SINGLE (Groundball, 6D)
Ramón Morterero to third
Runner from 3rd tries for Home, SAFE, no throw
Batting: LHB Kwang-chih Feng 0-0: Called Strike
0-1: Fielders Choice at 2nd, 3-6 (Groundball, 34)
Batting: RHB Troy Whitehurst 0-0: Ball
1-0: Ball
2-0: Foul Ball, location: 2F
2-1: Foul Ball, location: 2F
2-2: Fly out, F7 (Flyball, 7LMF)
Bottom of the 6th over - 1 run, 2 hits, 0 errors, 1 left on base; Tacoma 14 - Athletic Club KC Academy 1
TOP OF THE 7TH
Tacoma Fur Traders batting - Pitching for Athletic Club KC Academy : LHP Andrew Sprowle
Batting: RHB Chad Silander 0-0: Ball
1-0: Ball
2-0: Fly out, F7 (Flyball, 7LS)
Batting: RHB David Tineo 0-0: Ball
1-0: Foul Ball, location: 2F
1-1: Ball
2-1: Foul Ball, location: 2F
2-2: Ball
3-2: Strikes out swinging
Batting: RHB Jonathan Barnett 0-0: Swinging Strike
0-1: Swinging Strike
0-2: Strikes out swinging
Top of the 7th over - 0 runs, 0 hits, 0 errors, 0 left on base; Tacoma 14 - Athletic Club KC Academy 1
BOTTOM OF THE 7TH
Athletic Club KC Academy batting - Pitching for Tacoma Fur Traders : RHP Dorian Roberts
Batting: SHB Gerald Merendino 0-0: Ball
1-0: SINGLE (Groundball, 4MD)
Batting: RHB Fernando Rodríguez 0-0: Ball
1-0: Called Strike
1-1: Foul Ball, location: 2F
1-2: Foul Ball, location: 2F
1-2: Ball
2-2: Fly out, F8 (Line Drive, 8RD)
Batting: RHB Dewey Nauss 0-0: Called Strike
0-1: Called Strike
0-2: DOUBLE (Line Drive, 78D)
Gerald Merendino to third
Batting: RHB Tae-kyun Chon 0-0: Foul Ball, location: 2F
0-1: Ground out 5-3 (Groundball, 56S)
Gerald Merendino scores
Dewey Nauss to third
Batting: RHB Colin Bottone 0-0: Swinging Strike
0-1: Called Strike
0-2: Ball
1-2: SINGLE (Line Drive, 3D)
Dewey Nauss scores
Pinch Hitting: RHB Arturo Annunziato 0-0: Ball
1-0: Ball
2-0: Called Strike
2-1: Ball
3-1: Base on Balls
Colin Bottone to second
Batting: LHB Abdallah Rweikiza 0-0: Ball
1-0: Called Strike
1-1: SINGLE (Groundball, 56) (infield hit)
Colin Bottone to third
Arturo Annunziato to second
Batting: LHB Kwang-chih Feng 0-0: Ground out 1-3 (Groundball, 13)
Bottom of the 7th over - 2 runs, 4 hits, 0 errors, 3 left on base; Tacoma 14 - Athletic Club KC Academy 3
TOP OF THE 8TH
Tacoma Fur Traders batting - Pitching for Athletic Club KC Academy : LHP Andrew Sprowle
Now in CF: Arturo Annunziato
Batting: RHB Luis Flores 0-0: Ball
1-0: Swinging Strike
1-1: Swinging Strike
1-2: Strikes out swinging
Batting: LHB Ernesto Sánchez 0-0: Called Strike
0-1: Ball
1-1: Ball
2-1: Ground out 6-3 (Groundball, 6)
Batting: RHB Roberto Aguirre 0-0: Called Strike
0-1: Ball
1-1: SINGLE (Groundball, 5S) (infield hit)
Batting: RHB Trevor O'Herlihy 0-0: Foul Ball, location: 2F
0-1: Foul Ball, location: 2F
0-2: Ball
1-2: Ball
2-2: 2-RUN HOME RUN (Flyball, 78XD), Distance : 416 ft
Batting: RHB Gustavo González 0-0: Ball
1-0: Called Strike
1-1: Ball
2-1: Ball
3-1: SINGLE (Groundball, 6D)
Batting: SHB Dave Gant 0-0: Ball
1-0: Ball
2-0: Fielders Choice at 2nd, U4 (Groundball, 4M)
Top of the 8th over - 2 runs, 3 hits, 0 errors, 1 left on base; Tacoma 16 - Athletic Club KC Academy 3
BOTTOM OF THE 8TH
Athletic Club KC Academy batting - Pitching for Tacoma Fur Traders : RHP Dorian Roberts
Batting: RHB Troy Whitehurst 0-0: Called Strike
0-1: Ball
1-1: Called Strike
1-2: Ball
2-2: Ball
3-2: Foul Ball, location: 2F
3-2: Ground out 5-3 (Groundball, 56S)
Batting: SHB Gerald Merendino 0-0: Called Strike
0-1: Foul Ball, location: 2F
0-2: Ball
1-2: Ball
2-2: SINGLE (Groundball, 34D)
Pitching: RHP Curt Walker
Batting: RHB Fernando Rodríguez 0-0: Fly out, F8 (Flyball, 8RS)
Batting: RHB Dewey Nauss 0-0: Ball
Wild Pitch!
Gerald Merendino to second
1-0: Ball
2-0: Called Strike
2-1: Called Strike
2-2: Foul Ball, location: 2F
2-2: Strikes out looking
Bottom of the 8th over - 0 runs, 1 hit, 0 errors, 1 left on base; Tacoma 16 - Athletic Club KC Academy 3
TOP OF THE 9TH
Tacoma Fur Traders batting - Pitching for Athletic Club KC Academy : LHP Andrew Sprowle
Pinch Hitting: RHB Carlos Correa 0-0: Called Strike
0-1: Swinging Strike
0-2: Ball
1-2: DOUBLE (Flyball, 89XD)
Batting: RHB David Tineo 0-0: Foul Ball, location: 2F
0-1: Ball
1-1: Ground out 4-3 (Groundball, 4)
Carlos Correa to third
Pitching: RHP Bruce Holloman
Batting: RHB Jonathan Barnett 0-0: Ground out 6-3 (Groundball, 6S)
Carlos Correa scores
Batting: RHB Luis Flores 0-0: Foul Ball, location: 2F
0-1: Ball
1-1: Ball
2-1: Ground out 4-3 (Groundball, 4)
Top of the 9th over - 1 run, 1 hit, 0 errors, 0 left on base; Tacoma 17 - Athletic Club KC Academy 3
BOTTOM OF THE 9TH
Athletic Club KC Academy batting - Pitching for Tacoma Fur Traders : RHP Curt Walker
Now at 2B: Carlos Correa
Batting: RHB Tae-kyun Chon 0-0: Called Strike
0-1: Called Strike
0-2: Ball
1-2: Ball
2-2: Ball
3-2: Base on Balls
Batting: RHB Colin Bottone 0-0: Called Strike
0-1: Swinging Strike
0-2: Strikes out swinging
Batting: RHB Arturo Annunziato 0-0: DOUBLE (Line Drive, 78D)
Tae-kyun Chon to third
Batting: LHB Abdallah Rweikiza 0-0: Called Strike
0-1: Swinging Strike
0-2: Ball
1-2: Foul Ball, location: 2F
1-2: Foul Ball, location: 2F
1-2: Ball
2-2: Ground out 4-3 (Groundball, 4)
Tae-kyun Chon scores
Arturo Annunziato to third
Batting: LHB Kwang-chih Feng 0-0: Ball
1-0: Swinging Strike
1-1: Ball
2-1: Ball
3-1: Foul Ball, location: 2F
3-2: Ground out 4-3 (Groundball, 4)
Bottom of the 9th over - 1 run, 1 hit, 0 errors, 1 left on base; Tacoma 17 - Athletic Club KC Academy 4
Tuesday, December 19th, 2017 - OOTP Baseball 18.8 Build 76